 Dungeon Crawl Stone Soup version 0.20.1-1-g8b1a95d (webtiles) character file.

114 Jawreze the Cudgeler (level 4, -10/28 HPs)
             Began as a Gargoyle Fighter on Aug 27, 2017.
             Killed from afar by hilaritas's ghost (22 damage)
             ... with a shard of ice
             ... on level 3 of the Dungeon.
             The game lasted 00:04:38 (2024 turns).

Jawreze the Cudgeler (Gargoyle Fighter)             Turns: 2024, Time: 00:04:40

Health: -10/28     AC: 10    Str: 20    XL:     4   Next: 98%
Magic:  4/4        EV:  7    Int:  9    God:
Gold:   121        SH:  9    Dex:  9    Spells: 3/3 levels left

rFire    . . .     SeeInvis .   a - +0 flail
rCold    . . .     Gourm    .   c - +0 shield
rNeg     + . .     Faith    .   b - +0 scale mail
rPois    ∞         Spirit   .   (no helmet)
rElec    +         Reflect  .   (no cloak)
rCorr    .         Harm     .   (no gloves)
MR       .....                  (no boots)
Stlth    ..........             (no amulet)
Regen    0.1/turn               (no ring)
MPRegen  0.1/turn               (no ring)

@: no status effects
A: negative energy resistance 1, electricity resistance, unbreathing,
petrification resistance, rot immunity, AC +3
a: no special abilities


You were on level 3 of the Dungeon.
You were not hungry.

You visited 1 branch of the dungeon, and saw 3 of its levels.

You collected 121 gold pieces.

Inventory:

Hand Weapons
 a - a +0 flail (weapon)
Armour
 b - a +0 scale mail (worn)
 c - a +0 shield (worn)
 l - a cursed +0 cloak
Jewellery
 g - an uncursed ring of see invisible {unknown}
 i - an uncursed amulet of the gourmand {unknown}
 k - an uncursed ring of see invisible {unknown}
Scrolls
 n - a scroll of teleportation
 r - a scroll of identify {unknown}
 s - a scroll of fear
Potions
 d - a potion of might
 e - a potion of degeneration {unknown}
 h - a potion of curing {unknown}
 m - a potion of lignification {unknown}
 o - a potion of cancellation {unknown}
 q - a potion of mutation {unknown}
Comestibles
 f - 2 bread rations
 j - 3 royal jellies
 p - 4 fruits


   Skills:
 - Level 3.2 Fighting
 * Level 4.8 Maces & Flails
 - Level 3.2 Armour
 + Level 3.5 Shields


You had 3 spell levels left.
You didn't know any spells.

Dungeon Overview and Level Annotations

Branches:
Dungeon (3/15)

Altars:

Annotations:
D:3 hilaritas's ghost, amateur DEIE


Innate Abilities, Weirdness & Mutations

You are resistant to torment.
Your stone body is resilient. (AC +3)
You are immune to poison.
You resist negative energy. (rN+)
You are resistant to electric shocks. (rElec)
You can survive without breathing.
You are immune to petrification.
You are immune to rotting.


Message History

You are too injured to fight recklessly!
You are too injured to fight recklessly!
You are too injured to fight recklessly!
You are too injured to fight recklessly!
Your shield and scale mail prevent you from hitting hilaritas's ghost.
Hilaritas's ghost is severely damaged.
Hilaritas's ghost casts a spell at you. You block the shard of ice.
Hilaritas's ghost hits you.
You barely miss hilaritas's ghost.
Hilaritas's ghost is severely damaged.
Hilaritas's ghost hits you but does no damage.
You hit hilaritas's ghost.
Hilaritas's ghost is severely damaged.
Hilaritas's ghost completely misses you.
You miss hilaritas's ghost.
Hilaritas's ghost is severely damaged.
Hilaritas's ghost casts a spell at you. The shard of ice hits you!
Ouch! That really hurt!
You die...

### ..# #.# #.#
#.# #.# ### #.#
#####.#####.....
#.# #.......@W..#
#.# #.##...####.#
#####.###.##..#.#
..#..........###..
#...........##
#...
#...#.##.#.#.#
##.#
#.#.#.#.###...# ..
#.#....# #...# #
#.#.###.# ...#


You could see hilaritas's ghost.

Vanquished Creatures
  2 adders
  3 oozes (D:1)
  2 worms (D:2)
  6 dart slugs
  A leopard gecko (D:2)
  6 bats
  4 giant cockroaches
  6 goblins
  8 hobgoblins
  4 jackals (D:1)
  A quokka (D:2)
  A ball python (D:2)
  3 frilled lizards
  5 kobolds
  11 rats
63 creatures vanquished.

Notes
Turn   | Place    | Note
-------+----------+-------------------------------------------
     0 | D:1      | Jawreze the Gargoyle Fighter began the quest for the Orb.
     0 | D:1      | Reached XP level 1. HP: 14/14 MP: 1/1
    89 | D:1      | Reached XP level 2. HP: 10/19 MP: 2/2
   356 | D:1      | Reached skill level 3 in Maces & Flails
   438 | D:1      | Reached XP level 3. HP: 23/23 MP: 3/3
   720 | D:1      | Reached skill level 4 in Maces & Flails
   887 | D:1      | Reached XP level 4. HP: 28/28 MP: 4/4
  2012 | D:3      | Noticed hilaritas's ghost (amateur DEIE)
  2024 | D:3      | Killed from afar by hilaritas's ghost

Skill      XL: |  1  2  3 |
---------------+----------+-----
Maces & Flails | 3 4 |  4.8
Fighting       | |  3.2
Armour         | |  3.2
Shields        | |  3.5

Action                   |  1- 3 |  4- 6 || total
-------------------------+-------+-------++-------
Melee: Flail             |    34 |    29 ||    63
       Whip              |   156 |   196 ||   352
  Use: Scroll            |     2 |     4 ||     6
  Eat: Chunk             |       |     4 ||     4
Armor: Scale mail        |    91 |    88 ||   179
Dodge: Dodged            |    63 |    53 ||   116
Block: Shield            |    92 |    93 ||   185
